 Dungeon Crawl Stone Soup version 0.23.2-40-g277498a001 (webtiles) character file.

Game seed: 11294877575597935822

7823 H0rd4k the Twirler (level 11, 0/84 HPs)
             Began as a Human Artificer on Sept 3, 2019.
             Was an Initiate of Gozag.
             Slain by a freezing wraith (9 damage)
             ... led by a death knight
             ... on level 9 of the Dungeon.
             The game lasted 00:27:22 (10983 turns).

H0rd4k the Twirler (Human Artificer)               Turns: 10983, Time: 00:27:23

Health: 0/84       AC: 18    Str: 11    XL:     11   Next: 44%
Magic:  14/14      EV: 14    Int: 13    God:    Gozag
Gold:   1065       SH:  2    Dex: 13    Spells: 10/10 levels left

rFire    + + +     SeeInvis .   V - +8 halberd "Weutynna" {chop, rElec rF+ MR++ Str-4}
rCold    . . .     Gourm    .   (shield currently unavailable)
rNeg     . . .     Faith    .   b - +6 ring mail "Punef" {rF+ MR+ rCorr}
rPois    +         Spirit   .   z - +0 helmet
rElec    +         Reflect  +   t - +0 cloak
rCorr    +         Harm     .   B - +0 pair of gloves
MR       +++..                  y - +0 pair of boots
Stlth    ++........             E - +2 amulet of reflection
HPRegen  0.24/turn              j - ring of protection from fire
MPRegen  0.14/turn              x - ring of poison resistance

@: slowed, very slow
A: no striking features
a: Potion Petition, Call Merchant, Bribe Branch, Renounce Religion


You were on level 9 of the Dungeon.
You worshipped Gozag.
Gozag was most pleased with you.
You were hungry.

You visited 2 branches of the dungeon, and saw 11 of its levels.

You collected 1715 gold pieces.
You spent 537 gold pieces at shops.
You paid 113 gold pieces to Gozag.

Inventory:

Hand Weapons
 r - a +0 dagger of venom
 S - a +2 longbow of flaming
 V - the +8 halberd "Weutynna" (weapon) {chop, rElec rF+ MR++ Str-4}
   (You found it on level 9 of the Dungeon)

   It inflicts extra damage upon your enemies.
   It affects your strength (-4).
   It protects you from fire.
   It insulates you from electricity.
   It affects your resistance to hostile enchantments.
Missiles
 h - 6 throwing nets
 k - 8 steel javelins (quivered)
 n - 15 tomahawks
 I - 19 javelins
Armour
 b - the +6 ring mail "Punef" (worn) {rF+ MR+ rCorr}
   (You found it on level 6 of the Dungeon)

   It protects you from fire.
   It affects your resistance to hostile enchantments.
   It provides partial protection from all sources of acid and corrosion.
 t - a +0 cloak (worn)
 y - a +0 pair of boots (worn)
 z - a +0 helmet (worn)
 B - a +0 pair of gloves (worn)
 H - a +3 leather armour of fire resistance
Magical Staves
 T - an uncursed staff of power
 U - an uncursed staff of power
 W - an uncursed staff of fire
Jewellery
 j - a ring of protection from fire (left hand)
 u - an uncursed amulet of the acrobat
 x - a ring of poison resistance (right hand)
 E - a +2 amulet of reflection (around neck)
 L - an uncursed amulet of rage
 N - an uncursed ring of flight
Wands
 a - a wand of iceblast (11)
 c - a wand of scattershot (6)
 d - a wand of enslavement (11)
 e - a wand of random effects (15)
 w - a wand of flame (30)
 G - a wand of acid (15)
Scrolls
 g - 4 scrolls of teleportation
 l - 4 scrolls of amnesia
 A - 4 scrolls of identify
 D - 2 scrolls of fog {unknown}
 J - a scroll of random uselessness {unknown}
 M - 2 scrolls of immolation {unknown}
 O - a scroll of torment {unknown}
 P - a scroll of enchant weapon {unknown}
Potions
 i - a potion of agility
 m - a potion of invisibility
 o - a potion of haste {unknown}
 p - a potion of mutation {unknown}
 q - 3 potions of brilliance
 s - a potion of resistance {unknown}
 v - 4 potions of lignification {unknown}
 C - a potion of berserk rage {unknown}
 F - 2 potions of magic {unknown}
 K - a potion of flight {unknown}
 Q - a potion of curing
 R - a potion of heal wounds
Comestibles
 f - 13 rations


   Skills:
 + Level 7.4 Fighting
 + Level 6.5 Short Blades
 + Level 0.5(4.8) Polearms
 - Level 7.8 Staves
 + Level 1.3 Throwing
 + Level 7.5 Armour
 + Level 7.2 Dodging
 + Level 3.6 Stealth
 + Level 4.2 Evocations


You had 10 spell levels left.
You didn't know any spells.
Your spell library contained the following spells:

 Spells                   Type           Power        Failure   Level  Hunger
 Animate Skeleton         Necr           N/A          54%         1    ##.....
 Beastly Appendage        Tmut           #.....       54%         1    ##.....
 Pain                     Necr           #...         54%         1    ##.....
 Summon Butterflies       Summ           #.......     54%         1    ##.....
 Sticks to Snakes         Tmut           #.......     69%         2    ###....
 Call Canine Familiar     Summ           #.......     89%         3    ####...
 Regeneration             Chrm/Necr      #.........   89%         3    ####...
 Spider Form              Tmut/Pois      #.........   89%         3    ####...
 Vampiric Draining        Necr           #.........   89%         3    ####...
 Animate Dead             Necr           N/A          100%        4    #####..
 Ice Form                 Ice/Tmut       #.......     100%        4    #####..
 Summon Ice Beast         Ice/Summ       #.......     100%        4    #####..
 Blade Hands              Tmut           #.........   100%        5    ######.
 Summon Mana Viper        Hex/Summ       #.......     100%        5    ######.
 Summon Hydra             Summ           #.........   100%        7    #######


Dungeon Overview and Level Annotations

Branches:
Dungeon (10/15)            Temple (1/1) D:5             Orc (0/2) D:9
   Lair: D:8-11

Altars:
Ashenzari
Cheibriados
Dithmenos
Fedhas
Gozag
Kikubaaqudgha
Makhleb
Nemelex Xobeh
Okawaru
Qazlal
Ru
Sif Muna
Trog
Uskayaw
Vehumet
Wu Jian
Xom
Yredelemnul
Zin
The Shining One
Beogh

Shops:
D:5 *   D:9 *

Annotations:
D:5 exclusion: downstairs
D:6 2 transporters, kalagan's ghost, novice DESu
D:8 1 runed translucent door, ryuk03's ghost, novice MiBe


Message History

The freezing wraith closely misses you. You block the freezing wraith's attack.
You puncture the freezing wraith!
The freezing wraith is severely damaged.
The freezing wraith barely misses you. The freezing wraith misses you.
The freezing wraith barely misses you.
The freezing wraith hits you but does no damage.
You hit the freezing wraith but do no damage.
The freezing wraith is severely damaged.
The freezing wraith hits you. The freezing wraith freezes you!
The freezing wraith hits you but does no damage. x3
You barely miss the freezing wraith.
The freezing wraith is heavily damaged.
The freezing wraith hits you. The freezing wraith freezes you!
* * * LOW HITPOINT WARNING * * *
The freezing wraith hits you but does no damage.
The freezing wraith hits you!
* * * LOW HITPOINT WARNING * * *
The freezing wraith freezes you!
You die...
Your body crumbles into a pile of gold.

.#'#..# #.........#..........
.#∩#..#######....................
.#+#.....).)#.........##.........
......#####).(........##.........
##.#### ###.........##......>)<
#..# ########.###......... ##.##
#.....# #......... #..# #.#####
########## ####.## #@# #.....###
###W#### #.......## #..o...#
#.....#..# #......# #.....##.###
#....>.#######
#.....##...###......'.....#######
#.....####...#......#####........
####### ###.#......# #########
#.'......#


You could see a freezing wraith and an orc.

Vanquished Creatures
  2 two-headed ogres
  A deep elf mage (D:7)
  A guardian serpent (shapeshifter) (D:9)
  A shadow (D:9)
  A wyvern (D:9)
  A yak (D:9)
  Menkaure (D:5)
  2 water moccasins
  3 sky beasts
  6 orc warriors
  4 ice beasts
  3 black bears
  A necrophage (D:9)
  3 ogres
  3 phantoms
  2 centaurs
  2 crocodiles
  A big kobold (D:9)
  A wyvern zombie (D:8)
  2 bullfrogs
  2 scorpions
  3 killer bees
  3 wights (D:8)
  6 howler monkeys
  5 crimson imps (D:7)
  7 hounds
  4 orc priests
  5 jellies (D:9)
  3 orc wizards
  4 bullfrog skeletons
  A gnoll shaman (D:8)
  3 centaur skeletons
  Ijyb (D:5)
  An iguana (D:5)
  7 worker ants
  10 adders
  14 gnolls
  A shadow imp (D:7)
  6 oozes
  An adder zombie (D:8)
  2 dart slugs
  4 leopard geckos
  62 orcs
  A ball python (D:1)
  5 bats
  6 giant cockroaches
  2 hobgoblins
  9 jackals
  17 kobolds
  8 quokkas
  5 frilled lizards
  8 goblins
  A leopard gecko skeleton (D:7)
  A leopard gecko zombie (D:5)
  2 quokka zombies
  5 rats
266 creatures vanquished.

Vanquished Creatures (others)
  An iguana (D:6)
1 creature vanquished.

Grand Total: 267 creatures vanquished

Notes
Turn   | Place    | Note
-------+----------+-------------------------------------------
     0 | D:1      | H0rd4k the Human Artificer began the quest for the Orb.
     0 | D:1      | Reached XP level 1. HP: 15/15 MP: 3/3
   331 | D:1      | Reached XP level 2. HP: 10/21 MP: 4/4
   888 | D:1      | Reached XP level 3. HP: 24/26 MP: 5/5
  1218 | D:2      | Found a glowing golden altar of the Shining One.
  1361 | D:2      | HP: 1/26 [poisoned by an adder]
  1526 | D:2      | Reached XP level 4. HP: 24/32 MP: 6/6
  1601 | D:2      | Reached skill level 1 in Armour
  2256 | D:3      | Reached XP level 5. HP: 29/37 MP: 7/7
  2745 | D:3      | Found a hide-covered altar of Uskayaw.
  3068 | D:4      | Found a shattered altar of Ashenzari.
  3523 | D:4      | Reached XP level 6. HP: 34/44 MP: 8/8
  3850 | D:5      | Entered Level 5 of the Dungeon
  3898 | D:5      | Found an ancient bone altar of Kikubaaqudgha.
  4081 | D:5      | Reached XP level 7. HP: 28/51 MP: 8/10
  4130 | D:5      | Noticed Menkaure
  4461 | D:5      | Found Miuteesh's Assorted Antiques.
  4466 | D:5      | Bought a translucent quarterstaff for 216 gold pieces
  4467 | D:5      | Found a staircase to the Ecumenical Temple.
  4497 | Temple   | Entered the Ecumenical Temple
  5003 | D:5      | Noticed Ijyb
  5018 | D:5      | Killed Ijyb
  5143 | D:5      | Killed Menkaure
  5165 | D:6      | Noticed a water moccasin
  5178 | D:6      | Killed a water moccasin
  5200 | D:6      | Found an iron altar of Okawaru.
  5253 | D:6      | Reached XP level 8. HP: 54/58 MP: 11/11
  5295 | D:6      | Noticed a hornet
  5297 | D:6      | Noticed a queen bee
  5306 | D:6      | Got a steaming ring mail
  5317 | D:6      | Identified the +6 ring mail "Punef" {rF+ MR+ rCorr} (You
                  | found it on level 6 of the Dungeon)
  5319 | D:6      | Noticed kalagan's ghost (novice DESu)
  5329 | D:6      | Found a transporter.
  5333 | D:6      | Found a transporter.
  5709 | D:7      | Reached skill level 5 in Short Blades
  6939 | D:7      | Reached skill level 5 in Armour
  6939 | D:7      | Reached XP level 9. HP: 57/64 MP: 12/12
  7254 | Temple   | Became a worshipper of Gozag Ym Sagoz the Greedy
  7369 | D:7      | Reached skill level 1 in Throwing
  7376 | D:7      | Identified the +5 quarterstaff "Ogre's Nightmare" {vamp,
                  | -Tele rN+ MP+9} (You bought it in a shop on level 5 of the
                  | Dungeon)
  7406 | D:7      | Noticed a deep elf mage
  7418 | D:6      | HP: 3/65 [iguana (4)]
  7436 | D:6      | Reached skill level 5 in Dodging
  7721 | D:7      | Killed a deep elf mage
  7721 | D:7      | Reached skill level 1 in Staves
  7849 | D:7      | Found a bloodstained altar of Trog.
  7851 | D:7      | Found a burning altar of Makhleb.
  8019 | D:8      | Found a deep blue altar of Sif Muna.
  8019 | D:8      | Found a shadowy altar of Dithmenos.
  8078 | D:8      | Found a sacrificial altar of Ru.
  8099 | D:8      | Found a shimmering altar of Xom.
  8099 | D:8      | Found a glowing silver altar of Zin.
  8099 | D:8      | Noticed an angel
  8147 | D:8      | Reached XP level 10. HP: 62/73 MP: 13/13
  8172 | D:8      | HP: 3/73 [orc warrior/tomahawk (7)]
  8790 | D:8      | Reached skill level 5 in Staves
  8920 | D:8      | Found a runed translucent door.
  8934 | D:8      | Noticed ryuk03's ghost (novice MiBe)
  9246 | D:5      | Bought a potion of heal wounds for 120 gold pieces
  9246 | D:5      | Bought a glowing longbow for 180 gold pieces
  9246 | D:5      | Bought a bubbling inky potion for 21 gold pieces
  9399 | D:9      | Noticed a two-headed ogre
  9411 | D:9      | Killed a two-headed ogre
  9411 | D:9      | Reached skill level 5 in Fighting
  9527 | D:9      | Found a roughly hewn altar of Beogh.
  9856 | D:9      | Found a staircase to the Orcish Mines.
 10151 | D:9      | Found Zyigag's General Store.
 10311 | D:9      | Found a roughly hewn altar of Beogh.
 10466 | D:9      | Reached XP level 11. HP: 71/80 MP: 14/14
 10625 | D:9      | Got a crude halberd
 10768 | D:9      | Identified the +8 halberd "Weutynna" {chop, rElec rF+ MR++
                  | Str-4} (You found it on level 9 of the Dungeon)
 10806 | D:10     | Entered Level 10 of the Dungeon
 10846 | D:10     | Noticed a two-headed ogre
 10849 | D:10     | Killed a two-headed ogre
 10961 | D:10     | Noticed a skeletal warrior
 10983 | D:9      | Slain by a freezing wraith

Skill      XL: |  1  2  3  4  5  6  7  8  9 10 11 |
---------------+----------------------------------+-----
Short Blades   | 2 3 4 5 6 |  6.5
Armour         | 1 2 3 5 6 7 |  7.5
Fighting       | 2 3 4 5 7 |  7.4
Dodging        | 3 4 5 6 7 |  7.2
Evocations     | 4 |  4.2
Stealth        | 2 3 |  3.6
Throwing       | 1 |  1.3
Staves         | 3 7 |  7.8
Polearms       | |  0.5

Action                   |  1- 3 |  4- 6 |  7- 9 | 10-12 || total
-------------------------+-------+-------+-------+-------++-------
Melee: Short sword       |   134 |       |       |       ||   134
       Dagger            |     1 |   216 |   499 |       ||   716
       Quarterstaff      |       |       |   110 |   422 ||   532
       Halberd           |       |       |       |    24 ||    24
Throw: Javelin           |       |       |    10 |     5 ||    15
Evoke: Wand              |     7 |     7 |     7 |     4 ||    25
  Use: Potion            |     5 |       |     1 |     1 ||     7
       Scroll            |       |     4 |     3 |     4 ||    11
 Stab: Sleeping          |     3 |       |     2 |       ||     5
       Distracted        |       |       |     2 |     4 ||     6
  Eat: Chunk             |     1 |     9 |     4 |       ||    14
       Ration            |       |       |     4 |     3 ||     7
Armor: Leather armour    |    41 |    53 |    20 |       ||   114
       Ring mail         |       |       |   218 |   156 ||   374
Dodge: Dodged            |    95 |   132 |   289 |   271 ||   787
Block: Other             |       |       |    29 |    24 ||    53
       Reflection        |       |       |       |     1 ||     1
